 Dungeon Crawl Stone Soup version 0.21-a0-401-g0b6bec4 (webtiles) character file.

36773 gpsp the Severer (level 13, -1/119 HPs)
             Began as a Minotaur Fighter on Oct 22, 2017.
             Was the Champion of Makhleb.
             Slain by a harpy (3 damage)
             ... summoned by Kirke
             ... on level 5 of the Lair of Beasts.
             The game lasted 00:28:26 (20236 turns).

gpsp the Severer (Minotaur Fighter)                Turns: 20236, Time: 00:28:27

Health: -1/119     AC:  0    Str: 27    XL:     13   Next: 54%
Magic:  19/19      EV: 13    Int:  5    God:    Makhleb [******]
Gold:   686        SH:  0    Dex:  9    Spells: 12/12 levels left

rFire    . . .     SeeInvis .   (weapon currently unavailable)
rCold    + . .     Gourm    +   (shield currently unavailable)
rNeg     . . .     Faith    .   (armour currently unavailable)
rPois    .         Spirit   .   (helmet currently unavailable)
rElec    .         Reflect  .   (cloak currently unavailable)
rCorr    .         Harm     .   (gloves currently unavailable)
MR       .....                  (boots currently unavailable)
Stlth    +.........             D - amulet "Poqerch" {Gourm rC+}
HPRegen  0.29/turn              (ring currently unavailable)
MPRegen  0.16/turn              (ring currently unavailable)

@: pig-form, slowed
A: (retaliatory headbutt)
a: Minor Destruction, Lesser Servant of Makhleb, Major Destruction, Greater
Servant of Makhleb, Renounce Religion


You were on level 5 of the Lair of Beasts.
You worshipped Makhleb.
Makhleb was exalted by your worship.
You were completely stuffed.
You were a filthy swine.
You visited 2 branches of the dungeon, and saw 17 of its levels.
You also visited: Sewer.

You collected 728 gold pieces.
You spent 42 gold pieces at shops.

Inventory:

Hand Weapons
 a - a +0 war axe
 A - a +4 battleaxe of freezing (melded)
Armour
 o - a +1 pair of boots (melded)
 p - a +0 plate armour (melded)
 Q - a +0 pair of gloves (melded)
Jewellery
 d - a ring of resist corrosion (melded)
 f - a cursed +3 ring of slaying (melded)
 w - an uncursed ring of wizardry
 D - the amulet "Poqerch" (around neck) {Gourm rC+}
   (You found it on level 10 of the Dungeon)

   [amulet of the gourmand]

   It allows you to eat raw meat even when not hungry.
   It protects you from cold.
 G - an uncursed ring of protection from cold
 O - an uncursed ring of protection from magic
 R - a cursed ring of teleportation
Wands
 b - a wand of paralysis (11/24)
 y - a wand of scattershot (0/9)
 I - a wand of flame (25/48)
 J - a wand of iceblast (4/15)
 M - a wand of lightning (0/15)
 N - a wand of confusion (14/48)
 W - a wand of enslavement (8/24)
Scrolls
 e - 9 scrolls of amnesia
 g - 5 scrolls of teleportation
 i - 9 scrolls of remove curse
 m - 3 scrolls of magic mapping
 v - 3 scrolls of immolation
 C - a scroll of blinking
Potions
 h - 6 potions of lignification
 k - 3 potions of cancellation
 l - 2 potions of haste
 n - 2 potions of degeneration
 q - 2 potions of mutation
 u - 4 potions of flight
 x - 5 potions of brilliance
 F - 5 potions of magic
 H - 4 potions of berserk rage
 L - 2 potions of heal wounds
 P - 3 potions of curing
Comestibles
 j - 10 meat rations
 r - 21 royal jellies
 t - 21 fruits
 K - 5 bread rations


   Skills:
 + Level 12.9 Fighting
 * Level 16.9 Axes
 + Level 12.8 Armour
   Level 5.6 Shields
 + Level 10.0 Invocations


You had 12 spell levels left.
You didn't know any spells.

Dungeon Overview and Level Annotations

Branches:
Dungeon (11/15)            Temple (0/1) D:5            Lair (6/6) D:11
  Swamp (0/4) Lair:3       Spider (0/4) Lair:4        Slime (0/5) Lair:6
    Orc (0/2) D:9

Altars:
Ashenzari
Cheibriados
Dithmenos
Fedhas
Hepliaklqana
Kikubaaqudgha
Makhleb
Qazlal
Sif Muna
Trog
Vehumet
Yredelemnul

Shops:
D:4 ?

Annotations:
Lair:5 exclusion: electric eel, Kirke
Lair:6 exclusion: oklob plant


Innate Abilities, Weirdness & Mutations

((You reflexively headbutt those who attack you in melee.))
((You have a pair of horns on your head.))


Message History

Kirke summons a manticore!
The harpy closely misses you. The harpy claws you!
Kirke gestures at you while chanting.
You struggle to resist.
The harpy claws you. The harpy claws you!
* * * LOW HITPOINT WARNING * * *
As you read the scroll of fear, it crumbles to dust.
You assume a fearsome visage.
Kirke looks frightened!
The harpy looks frightened!
The manticore looks frightened!
Kirke mumbles some strange words.
Kirke flickers and vanishes!
Deactivating autopickup; reactivate with Ctrl-A.
The harpy screeches!
Something tries to affect you, but you resist.
The harpy claws you!
* * * LOW HITPOINT WARNING * * *
The harpy claws you!
* * * LOW HITPOINT WARNING * * *
You hit the harpy but do no damage. The harpy closely misses you.
The harpy claws you.
You die...

###....##.##.....#.##..#[.###P.P.
.<...............................
.................................
.................................
.#.....#.##.#####......#........P
.#P...#############.#..#.P......#
..P....###.###.#...#....#.....#..
.................................
...............Hh................
............>....................
###...P...#..####P#.###.....#.##.
.##....###.#.#######.##...#######
..#.....PP.....P#....{.........#.
.................................
.................................
.................................
.##...##.#.......#....#..#P#.....


You could see a harpy.

Vanquished Creatures
  4 hydras
  Erica (D:8)
  The ghost of Patate the Fighter, a novice HOFi of Okawaru (Lair:1)
  3 two-headed ogres
  Pikel (D:8)
  4 elephants
  Maurice (D:8)
  2 black mambas (Lair:1)
  A gargoyle (D:11)
  12 spiny frogs
  A rime drake (Lair:5)
  6 komodo dragons
  A queen bee (Lair:2)
  A troll (D:11)
  2 polar bears
  13 blink frogs
  7 dream sheep (Lair:6)
  7 hippogriffs
  A wraith (D:10)
  2 wyverns (Lair:4)
  13 yaks
  7 basilisks
  2 hungry ghosts (D:11)
  3 hogs (Lair:6)
  Grum (Lair:1)
  An acid dragon (D:11)
  Duvessa (D:7)
  16 water moccasins
  5 porcupines
  7 orc warriors
  4 ice beasts
  3 slaves (D:8)
  4 sky beasts
  6 black bears
  A necrophage (D:10)
  4 ogres
  4 phantoms
  7 wolves (Lair:1)
  3 centaurs
  14 crocodiles
  3 big kobolds
  12 bullfrogs
  Dowan (D:7)
  6 scorpions
  39 killer bees
  16 wights
  2 howler monkeys
  6 crimson imps
  A bullfrog zombie (D:10)
  2 centaur zombies
  2 hounds
  A jelly (D:5)
  3 orc priests
  12 orc wizards
  A bullfrog skeleton (D:5)
  5 iguanas
  A centaur skeleton (D:4)
  8 hell rats
  11 worker ants
  3 worker ant zombies
  4 gnolls (D:2)
  18 adders
  5 river rats
  2 shadow imps
  3 oozes
  An adder skeleton (D:5)
  6 worms
  3 dart slugs
  3 leopard geckos
  29 orcs
  2 ball pythons (Sewer)
  11 giant cockroaches
  11 goblins
  7 hobgoblins
  6 jackals
  14 kobolds
  6 quokkas
  2 bats
  8 frilled lizards
  A leopard gecko skeleton (D:6)
  A leopard gecko zombie (D:9)
  17 rats
  A spectral orc (D:2)
  5 fungi
  9 plants
487 creatures vanquished.

Vanquished Creatures (others)
  A crocodile (Lair:6)
  7 fungi
  5 plants
13 creatures vanquished.

Grand Total: 500 creatures vanquished

Notes
Turn   | Place    | Note
-------+----------+-------------------------------------------
     0 | D:1      | gpsp the Minotaur Fighter began the quest for the Orb.
     0 | D:1      | Reached XP level 1. HP: 19/19 MP: 0/0
   189 | D:1      | Reached XP level 2. HP: 25/27 MP: 1/1
   242 | D:1      | Reached skill level 3 in Axes
   399 | D:1      | Reached XP level 3. HP: 33/33 MP: 2/2
   672 | D:2      | Found a radiant altar of Vehumet.
   673 | D:2      | Found a burning altar of Makhleb.
   747 | D:2      | Became a worshipper of Makhleb the Destroyer
   870 | D:2      | Reached XP level 4. HP: 30/40 MP: 3/3
   893 | D:2      | HP: 1/40 [gnoll/halberd of protection (4)]
  1328 | D:2      | Found a shattered altar of Ashenzari.
  1509 | D:2      | Found a bloodstained altar of Trog.
  1550 | D:2      | Reached skill level 4 in Axes
  1673 | D:2      | Found a basalt altar of Yredelemnul.
  1798 | D:2      | Found a blossoming altar of Fedhas.
  2179 | D:3      | Found a deep blue altar of Sif Muna.
  2275 | D:3      | Reached * piety under Makhleb
  2413 | D:3      | Found a stormy altar of Qazlal.
  2478 | D:3      | Reached XP level 5. HP: 47/47 MP: 4/4
  3254 | D:4      | Found Luibecw's Magic Scroll Emporium.
  3267 | D:4      | Bought a scroll of fear for 42 gold pieces
  3399 | D:4      | Reached skill level 5 in Axes
  3400 | D:4      | Reached XP level 6. HP: 40/55 MP: 5/5
  3402 | D:4      | Reached skill level 5 in Fighting
  3402 | D:4      | Reached skill level 5 in Armour
  3506 | D:4      | Found a basalt altar of Yredelemnul.
  3549 | D:4      | Reached skill level 5 in Shields
  4076 | D:5      | Entered Level 5 of the Dungeon
  4142 | D:5      | Reached skill level 6 in Axes
  4186 | D:5      | Reached XP level 7. HP: 48/61 MP: 6/6
  4264 | D:5      | Found a staircase to the Ecumenical Temple.
  4353 | D:5      | Reached ** piety under Makhleb
  4553 | D:5      | Found a glowing drain.
  4563 | Sewer    | Entered a sewer
  4777 | Sewer    | Reached skill level 7 in Axes
  4929 | Sewer    | Reached skill level 1 in Invocations
  5399 | D:6      | Reached XP level 8. HP: 66/70 MP: 6/8
  5558 | D:6      | Found an ancient bone altar of Kikubaaqudgha.
  5568 | D:6      | Reached skill level 8 in Axes
  5796 | D:6      | Reached *** piety under Makhleb
  5871 | D:7      | Noticed Dowan
  5875 | D:7      | Noticed Duvessa
  5883 | D:7      | Killed Duvessa
  5888 | D:7      | Killed Dowan
  5978 | D:7      | Reached skill level 9 in Axes
  6008 | D:7      | Reached XP level 9. HP: 79/79 MP: 10/10
  6448 | D:7      | You fall through a shaft for 2 floors!
  6506 | D:9      | Found a staircase to the Orcish Mines.
  6601 | D:9      | Reached skill level 10 in Axes
  7054 | D:9      | Noticed a two-headed ogre
  7071 | D:9      | Killed a two-headed ogre
  7324 | D:9      | Found a shadowy altar of Dithmenos.
  7459 | D:9      | Found a snail-covered altar of Cheibriados.
  7549 | D:8      | Reached skill level 11 in Axes
  7554 | D:8      | Reached skill level 5 in Invocations
  7567 | D:8      | Reached XP level 10. HP: 47/90 MP: 12/12
  7568 | D:8      | Reached **** piety under Makhleb
  7629 | D:8      | Noticed a two-headed ogre
  7636 | D:8      | Killed a two-headed ogre
  7738 | D:8      | Noticed Maurice
  7922 | D:8      | Found Qyafiwn's Food Shoppe.
  7943 | D:8      | Noticed Erica
  8048 | D:8      | Killed Maurice
  8253 | D:8      | Killed Erica
  8253 | D:8      | Reached skill level 12 in Axes
  8300 | D:8      | Noticed Pikel
  8313 | D:8      | Killed Pikel
  8426 | D:8      | Found a hazy altar of Hepliaklqana.
  8906 | D:10     | Entered Level 10 of the Dungeon
  9377 | D:10     | Reached XP level 11. HP: 99/99 MP: 14/14
  9430 | D:10     | Reached skill level 10 in Fighting
  9566 | D:10     | Reached skill level 13 in Axes
  9611 | D:10     | Reached skill level 10 in Armour
  9698 | D:10     | Noticed a two-headed ogre
  9709 | D:10     | Killed a two-headed ogre
  9751 | D:10     | HP: 5/100 [poisoned by a scorpion]
  9757 | D:10     | HP: 5/100 [poisoned by a scorpion]
  9765 | D:10     | HP: 5/100 [poisoned by a scorpion]
 10594 | D:10     | Got a scintillating steel amulet
 10596 | D:10     | Identified the amulet "Poqerch" {Gourm rC+} (You found it on level 10 of the Dungeon)
 10997 | D:11     | Reached ***** piety under Makhleb
 11275 | D:11     | Noticed a five-headed hydra
 11631 | D:11     | Killed a seven-headed hydra
 12199 | D:11     | Reached skill level 14 in Axes
 12539 | D:11     | Found a staircase to the Lair.
 13094 | Lair:1   | Entered Level 1 of the Lair of Beasts
 13145 | Lair:1   | Noticed Grum
 13157 | Lair:1   | Killed Grum
 13174 | Lair:1   | Noticed Patate's ghost (novice HOFi)
 13185 | Lair:1   | Killed Patate's ghost
 13185 | Lair:1   | Reached XP level 12. HP: 93/110 MP: 15/17
 13295 | Lair:1   | Found the +8 whip "Snakebite" {curare, rPois}
 14722 | Lair:2   | Reached skill level 15 in Axes
 15834 | Lair:3   | Noticed a six-headed hydra
 15838 | Lair:3   | Killed a six-headed hydra
 15955 | Lair:3   | Reached ****** piety under Makhleb
 16020 | Lair:3   | Identified the Catalogue of Moulding and Calling
 16245 | Lair:3   | Found a staircase to the Swamp.
 17001 | Lair:4   | Found a hole to the Spider Nest.
 17078 | Lair:4   | Reached skill level 16 in Axes
 17123 | Lair:4   | Reached XP level 13. HP: 99/118 MP: 17/19
 19233 | Lair:6   | Entered Level 6 of the Lair of Beasts
 19606 | Lair:6   | Reached skill level 10 in Invocations
 19823 | Lair:6   | Found a staircase to the Slime Pits.
 20075 | Lair:6   | Noticed Kirke
 20235 | Lair:5   | HP: 1/119 [harpy[Kirke] (14)]
 20236 | Lair:5   | Slain by a harpy

Vault maps used:
D:1:      dpeg_arrival_simpleton_a, feat_on_display
D:2:      yredelemnul_forgotten_temple_becter, nicolae_overflow_hidden_temple,
          nicolae_overflow_crystal_walls, lemuel_doored_altar,
          chequers_temple_overflow_statue_of_worship, first_bread
D:3:      nicolae_qazlal_eye_of_the_storm, lemuel_crystal_altar
D:4:      serial_shops, shop_fountains, minmay_ruined_shrine
D:5:      minmay_temple_entry_from_below_a, portal_sewer_entry_d,
          guppyfry_early_orc_mine
D:6:      lemuel_round_altar
D:7:      minmay_misc_feat_rows, grunt_ogre_cave, uniq_duvessa
D:8:      kennysheep_mini_moat, serial_shops, shop, uniq_maurice, uniq_pikel,
          uniq_erica
D:9:      grunt_dithmenos_shadows, kennysheep_mini, orc_0_dummy
D:10:     kennysheep_ambush_hall
D:11:     grunt_lair_entry_orc_guard_hut
Lair:1:   minmay_guarded_unrand_snakebite, hangedman_lair_generics_rect,
          uniq_grum
Lair:2:   kennysheep_abandoned_house
Lair:3:   swamp_mist, hibernation_bobbens
Lair:4:   nicolae_spider_entry_non_spiders, st_stairs_11,
          gammafunk_lair_bear_cave
Lair:5:   disabler_island
Lair:6:   cheibrodos_lair_end_hotspot, minmay_slime_entry_oklob_enclosed,
          st_stairs_3, uniq_kirke
Sewer:    sewer_co_15_rooms

Skill      XL: |  1  2  3  4  5  6  7  8  9 10 11 12 13 |
---------------+----------------------------------------+-----
Axes           | 3 4 5 6 7 9 11 12 14 16 | 16.9
Armour         | 4 5 6 7 8 9 11 12 | 12.8
Shields        | 4 5 |  5.6
Fighting       | 4 5 6 7 8 9 11 12 | 12.9
Invocations    | 1 3 5 6 8 9 10 | 10.0

Action                   |  1- 3 |  4- 6 |  7- 9 | 10-12 | 13-15 || total
-------------------------+-------+-------+-------+-------+-------++-------
Melee: War axe           |    61 |   199 |   385 |   459 |       ||  1104
       Headbutt          |    11 |    38 |    67 |   144 |    27 ||   287
       Battleaxe         |       |       |       |   288 |   117 ||   405
       Unarmed           |       |       |       |       |    13 ||    13
Invok: Major Destruction |       |       |       |       |     3 ||     3
Evoke: Wand              |       |       |       |     9 |     8 ||    17
  Use: Potion            |       |     5 |     1 |     9 |       ||    15
       Scroll            |       |       |    17 |    12 |     5 ||    34
 Stab: Invisible         |       |       |       |     6 |       ||     6
  Eat: Chunk             |       |    10 |     7 |    35 |    10 ||    62
       Bread ration      |       |       |     1 |     2 |       ||     3
Armor: Scale mail        |    23 |       |       |       |       ||    23
       Plate armour      |    15 |    91 |   194 |   483 |    63 ||   846
Dodge: Dodged            |    22 |    34 |    53 |   206 |    60 ||   375
Block: Shield            |    39 |   106 |   204 |   202 |       ||   551

Table legend:
 A = Spawn XP
 B = Non-spawn XP
 C = Spawn XP percentage of total XP
 D = Spawn monster count
 E = Non-spawn monster count
 F = Spawn count percentage of total count
 G = Total turns spent on level
                    A         B        C        D         E        F      G
               +---------+---------+-------+---------+---------+-------+---------
         Total |       0 |   52533 |   0.0 |       0 |     470 |   0.0 | 20236
               +---------+---------+-------+---------+---------+-------+---------
           D:1 |       0 |      56 |   0.0 |       0 |      28 |   0.0 |   950
           D:2 |       0 |     105 |   0.0 |       0 |      17 |   0.0 |  1141
           D:3 |       0 |      70 |   0.0 |       0 |      23 |   0.0 |   825
           D:4 |       0 |     323 |   0.0 |       0 |      17 |   0.0 |  1160
           D:5 |       0 |     551 |   0.0 |       0 |      25 |   0.0 |   888
           D:6 |       0 |     658 |   0.0 |       0 |      17 |   0.0 |   483
           D:7 |       0 |    1213 |   0.0 |       0 |      21 |   0.0 |   577
           D:8 |       0 |    4062 |   0.0 |       0 |      23 |   0.0 |  1229
           D:9 |       0 |    1895 |   0.0 |       0 |      18 |   0.0 |  1231
          D:10 |       0 |    7170 |   0.0 |       0 |      59 |   0.0 |  2064
          D:11 |       0 |    4098 |   0.0 |       0 |      38 |   0.0 |  2262
        Lair:1 |       0 |    5527 |   0.0 |       0 |      27 |   0.0 |  1458
        Lair:2 |       0 |    4745 |   0.0 |       0 |      49 |   0.0 |   942
        Lair:3 |       0 |    3460 |   0.0 |       0 |      15 |   0.0 |  1176
        Lair:4 |       0 |    5468 |   0.0 |       0 |      28 |   0.0 |   859
        Lair:5 |       0 |    3040 |   0.0 |       0 |      12 |   0.0 |  1743
        Lair:6 |       0 |    9831 |   0.0 |       0 |      36 |   0.0 |   824
         Sewer |       0 |     261 |   0.0 |       0 |      17 |   0.0 |   424
               +---------+---------+-------+---------+---------+-------+---------
